 Dungeon Crawl Stone Soup version 0.28.0 (webtiles) character file.

Game seed: 11051607943847370925

1914 HallandMoats the Ruffian (level 8, 0/63 HPs)
             Began as a Demonspawn Fighter on Feb 7, 2022.
             Was a Priest of Trog.
             Slain by a hornet (11 damage)
             ... on level 7 of the Dungeon.
             The game lasted 00:06:06 (6468 turns).

HallandMoats the Ruffian (Demonspawn Fighter)       Turns: 6468, Time: 00:06:06

Health: 0/63       AC: 13    Str: 17    XL:     8   Next: 95%
Magic:  8/8        EV:  8    Int: 13    God:    Trog [***...]
Gold:   224        SH:  0    Dex: 16    Spells: 7/7 levels left

rFire   + + .      SeeInvis .   c - +9 war axe "Diuthameecs" {chaos, rF+ Int+3 Dex+2}
rCold   . . .      Faith    .   (no shield)
rNeg    . . .      Spirit   .   q - +4 chain mail {rF+}
rPois   .          Reflect  .   (helmet restricted)
rElec   .          Harm     .   (no cloak)
rCorr   .          Rampage  .   (no gloves)
Will    .....                   (no boots)
Stlth   ..........              (no amulet)
HPRegen 0.20/turn               (no ring)
MPRegen 0.11/turn               (no ring)

@: slowed, very slow
A: horns 2, demonic guardian 1, ignite blood 1, weakness stinger 1, demonic
touch 2
a: Renounce Religion, Berserk, Trog's Hand


You were on level 7 of the Dungeon.
You worshipped Trog.
Trog was most pleased with you.
You visited 1 branch of the dungeon, and saw 7 of its levels.

You collected 224 gold pieces.

Inventory:

Hand Weapons
 b - a +1 dagger of venom
 c - the +9 war axe "Diuthameecs" (weapon) {chaos, rF+ Int+3 Dex+2}
   (You found it on level 4 of the Dungeon)

   Each time it hits an enemy it has a different, random effect.
   Int:       It affects your intelligence (+3).
   Dex:       It affects your dexterity (+2).
   rF:        It protects you from fire.
Armour
 a - a +0 buckler
 q - a +4 chain mail of fire resistance (worn)
 y - a +0 pair of gloves
Jewellery
 u - an amulet of the acrobat
Wands
 s - a wand of paralysis (17)
 z - a wand of iceblast (4)
Scrolls
 e - a scroll of noise {unknown}
 f - 2 scrolls of torment {unknown}
 h - 7 scrolls of identify {unknown}
 i - 2 scrolls of holy word {unknown}
 j - a scroll of enchant armour {unknown}
 k - 2 scrolls of fog {unknown}
 l - a scroll of immolation {unknown}
 m - a scroll of silence {unknown}
 n - a scroll of blinking {unknown}
 o - a scroll of vulnerability {unknown}
 r - 3 scrolls of amnesia {unknown}
 v - a scroll of enchant weapon {unknown}
 x - 2 scrolls of teleportation {unknown}
Potions
 d - 4 potions of might
 g - 2 potions of brilliance
 p - a potion of curing
 t - a potion of flight {unknown}
 w - a potion of haste {unknown}


   Skills:
 + Level 5.5 Fighting
 - Level 1.9 Axes
 + Level 5.1 Armour
 + Level 4.1 Dodging
 + Level 5.1 Shields
 * Level 5.9 Unarmed Combat


You had 7 spell levels left.
You didn't know any spells.
Your spell library was empty.

Dungeon Overview and Level Annotations

Branches:
Dungeon (7/15)             Temple (0/1) D:6

Altars:
Makhleb
Qazlal
Sif Muna
Trog


Innate Abilities, Weirdness & Mutations

You have a pair of horns on your head.
A weak demonic guardian rushes to your aid.
Your demonic aura sometimes causes spilled blood to erupt in flames.
You have a small tail.
Your touch may inflict irresistible damage on your foes.


Message History

Unknown command.
You miss something. Your headbutt misses something.
You feel yourself speed up.
Something stings you but does no damage.
Something stings you!
You are poisoned.
You feel yourself slow down.
Something stings you but does no damage.
You barely miss something. Your headbutt misses something.
Your punch misses something.
You feel yourself speed up.
You feel very sick. Something stings you.
You feel yourself slow down. Something stings you!
You are more poisoned.
You feel as though you will be slow longer.
Something stings you!
* * * LOW HITPOINT WARNING * * *
You suddenly lose the ability to move!
Something stings you but does no damage.
You can move again.
Unknown command.
Unknown command.
Unknown command.
Unknown command.
Unknown command.
You feel better.
Something stings you but does no damage. x2
You hit something. Your headbutt misses something. You punch something.
Something stings you but does no damage. x3
You completely miss something. Your headbutt misses something.
Something stings you.
* * * LOW HITPOINT WARNING * * *
You feel as though you will be slow longer.
Something stings you!
* * * LOW HITPOINT WARNING * * *
A demonic guardian appears!
You feel as though you will be slow longer.
Something stings you but does no damage.
Something stings you!
You die...

## #. ######.
.......##
##.####.###.
##.#5@{.....#
########.###.##.....
##.......## ##?. ...
#...#####.# # ### #
#...# #.#.
####...#### #.#
#.........####.#
............##.#
#.........#.##<#


You could see a friendly ufetubus (summoned, wandering).

Vanquished Creatures
  Eustachio (D:4)
  An orc warrior (D:6)
  2 necrophages (D:5)
  An ogre (D:5)
  A phantom (D:5)
  4 scorpions
  4 centaur zombies (D:6)
  2 orc priests (D:6)
  3 hounds
  A jelly (D:6)
  2 bullfrog skeletons
  Terence (D:2)
  2 iguanas (D:6)
  An orc wizard (D:6)
  2 killer bee zombies (D:6)
  A hound skeleton (D:5)
  A howler monkey zombie (D:5)
  8 adders
  2 shadow imps
  A white imp (D:6)
  3 dart slugs
  15 orcs
  5 ball pythons
  4 bats
  4 endoplasms
  2 giant cockroaches
  8 goblins
  7 hobgoblins
  2 jackals (D:1)
  5 quokkas
  A frilled lizard (D:1)
  7 kobolds
104 creatures vanquished.

Vanquished Creatures (collateral kills)
  An orc warrior (D:6)
  An orc (D:6)
2 creatures vanquished.

Grand Total: 106 creatures vanquished

Notes
Turn   | Place    | Note
-------+----------+-------------------------------------------
     0 | D:1      | HallandMoats the Demonspawn Fighter began the quest for the
                  | Orb.
     0 | D:1      | Reached XP level 1. HP: 18/18 MP: 1/1
    61 | D:1      | Found a faded altar of an unknown god.
   152 | D:1      | Prayed at the altar of an unknown god.
   152 | D:1      | Became a worshipper of Trog the Wrathful
   152 | D:1      | Reached * piety under Trog
   279 | D:1      | Discovered your monstrous ancestry.
   279 | D:1      | Gained mutation: Your touch may inflict minor irresistible
                  | damage on your foes. [demonic ancestry]
   279 | D:1      | Reached XP level 2. HP: 24/24 MP: 2/2
  1029 | D:2      | Gained mutation: You have a small tail. [demonic ancestry]
  1029 | D:2      | Reached XP level 3. HP: 29/29 MP: 3/3
  1042 | D:2      | Reached skill level 1 in Dodging
  1293 | D:2      | Reached skill level 1 in Unarmed Combat
  1751 | D:2      | Noticed Terence
  1764 | D:2      | Killed Terence
  1765 | D:2      | Gained mutation: You have a pair of small horns on your
                  | head. [demonic ancestry]
  1765 | D:2      | Reached XP level 4. HP: 12/35 MP: 4/4
  2531 | D:3      | Reached ** piety under Trog
  3240 | D:4      | Gained mutation: Your touch may inflict irresistible damage
                  | on your foes. [demonic ancestry]
  3240 | D:4      | Reached XP level 5. HP: 41/41 MP: 5/5
  3296 | D:4      | Found a stormy altar of Qazlal.
  3580 | D:4      | Identified the +9 war axe "Diuthameecs" {chaos, rF+ Int+3
                  | Dex+2}
  3615 | D:4      | Noticed Eustachio
  3651 | D:4      | Killed Eustachio
  3652 | D:4      | Gained mutation: A weak demonic guardian rushes to your
                  | aid. [demonic ancestry]
  3652 | D:4      | Reached XP level 6. HP: 8/48 MP: 6/6
  4256 | D:5      | Entered Level 5 of the Dungeon
  4267 | D:5      | Gained mutation: Your demonic aura sometimes causes spilled
                  | blood to erupt in flames. [demonic ancestry]
  4267 | D:5      | Reached XP level 7. HP: 54/54 MP: 7/7
  4388 | D:5      | Identified the +1 hand axe "Volaseto" {distort, rN+}
  4908 | D:6      | Gained mutation: You have a pair of horns on your head.
                  | [demonic ancestry]
  4908 | D:6      | Reached XP level 8. HP: 56/61 MP: 8/8
  4977 | D:6      | Reached *** piety under Trog
  5359 | D:6      | Reached skill level 5 in Fighting
  5408 | D:6      | Found a shimmering blue altar of Sif Muna.
  5410 | D:6      | Found a burning altar of Makhleb.
  5421 | D:6      | Reached skill level 5 in Unarmed Combat
  5910 | D:6      | Reached skill level 5 in Armour
  5910 | D:6      | Reached skill level 5 in Shields
  6208 | D:6      | Found a staircase to the Ecumenical Temple.
  6461 | D:7      | Noticed a hornet
  6465 | D:7      | Paralysed by something for 2 turns
  6468 | D:7      | Slain by a hornet

Illustrated notes

Levels and vault maps discovered:
D:1:      heliophobic_arrival_ceremonial_halls, layout_rooms,
          ebering_ecumenical_altar_box, minmay_liquid_box,
          chequers_serial_rivers_small_a
D:2:      layout_loops_ring, uniq_terence
D:3:      layout_loops_cross
D:4:      layout_basic, nicolae_qazlal_eye_of_the_storm,
          corexii_leaking_fountain, minmay_distorted, uniq_eustachio
D:5:      layout_rooms, minmay_crossroads
D:6:      wad_crossroads, layout_basic,
          chequers_temple_overflow_statue_of_worship,
          minmay_temple_entry_sparse_star
D:7:      lemuel_ratsnest, layout_loops_ring

Skill      XL: |  1  2  3  4  5  6  7  8 |
---------------+-------------------------+-----
Dodging        | 1 2 3 4 |  4.1
Shields        | 3 4 5 |  5.1
Unarmed Combat | 1 2 3 4 5 |  5.9
Armour         | 3 4 5 |  5.1
Fighting       | 4 5 |  5.5
Axes           | |  1.9

Action                   |  1- 3 |  4- 6 |  7- 9 || total
-------------------------+-------+-------+-------++-------
Melee: War axe           |    13 |     8 |    70 ||    91
       Unarmed           |    95 |   107 |       ||   202
       Touch             |    21 |    17 |     8 ||    46
       Punch             |     1 |     3 |     1 ||     5
       Dagger            |     3 |       |       ||     3
       Tailslap          |     1 |    21 |    13 ||    35
       Headbutt          |       |    22 |    12 ||    34
  Use: Potion            |       |       |     3 ||     3
Armor: Scale mail        |    41 |       |       ||    41
       Chain mail        |       |    57 |    47 ||   104
Dodge: Dodged            |    62 |    36 |    35 ||   133
Block: Buckler           |     2 |       |       ||     2
